 Dungeon Sprint DCSS version 0.21.1-1-g345015fe64 (webtiles) character file.

1267 Htamos the Grappler (level 8, -2/39 HPs)
             Began as a Vine Stalker Fighter on July 13, 2018.
             Was an Initiate of Dithmenos.
             Slain by a centaur warrior (7 damage)
             ... in the Dungeon (Sprint I: "Red Sonja").
             The game lasted 00:02:46 (292 turns).

Htamos the Grappler (Vine Stalker Fighter)           Turns: 292, Time: 00:02:46

Health: -2/39      AC:  6    Str: 26    XL:     8   Next: 53%
Magic:  0/9        EV: 13    Int:  8    God:    Dithmenos [......]
Gold:   243        SH: 10    Dex: 14    Spells: 7/7 levels left

rFire    . . .     SeeInvis .     - Unarmed
rCold    . . .     Gourm    .   b - +0 shield
rNeg     . . .     Faith    .   a - +0 scale mail
rPois    .         Spirit   +   (no helmet)
rElec    .         Reflect  .   (no cloak)
rCorr    .         Harm     .   (no gloves)
MR       +....     NoTele   +   (no boots)
Stlth    +++.......             (no amulet)
HPRegen  0.53/turn              (no ring)
MPRegen  0.11/turn              (no ring)

@: mighty
A: fangs 3, regeneration 1, magic shield, antimagic bite, no potion heal 3, rot
immunity
a: Renounce Religion


You were in the Dungeon.
You worshipped Dithmenos.
Dithmenos was noncommittal.
You were not hungry.

You visited 1 branch You collected 243 gold pieces.

Inventory:

Armour
 a - a +0 scale mail (worn)
 b - a +0 shield (worn)
Scrolls
 j - a scroll of blinking
Potions
 c - a potion of might
 e - a potion of curing
 f - a potion of heal wounds
 g - a potion of haste
 h - 2 potions of magic
 k - a potion of cancellation {unknown}
Comestibles
 d - a ration
 l - 11 chunks of flesh


   Skills:
 - Level 2.6 Fighting
 - Level 2.4 Armour
 - Level 9.3 Dodging
 + Level 9.0 Stealth
 - Level 2.6 Shields
 + Level 12.8 Unarmed Combat


You had 7 spell levels left.
You didn't know any spells.

Dungeon Overview and Level Annotations

Branches:
Dungeon (1/1)

Altars:
Cheibriados
Dithmenos
Elyvilon
Fedhas
Gozag
Hepliaklqana
Kikubaaqudgha
Makhleb
Nemelex Xobeh
Okawaru
Qazlal
Ru
Sif Muna
Trog
Uskayaw
Vehumet
Wu Jian
Xom
Yredelemnul
Zin
The Shining One
Jiyva
Lugonu

Shops:
D [


Innate Abilities, Weirdness & Mutations

You have razor-sharp teeth.
Your natural rate of healing is unusually fast.
When hurt, damage is shared between your health and your magic reserves.
Your bite disrupts and absorbs the magic of your enemies.
Potions cannot restore your health.
You are immune to rotting.


Message History

You hit the centaur warrior.
The centaur warrior is moderately wounded.
The centaur warrior completely misses you.
The centaur warrior hits you!
* * * LOW HITPOINT WARNING * * *
The centaur warrior hits you!
* * * LOW MAGIC WARNING * * *;
* * * LOW HITPOINT WARNING * * *
You have no ailments to cure.
You feel very mighty all of a sudden. The centaur warrior misses you.
The centaur warrior closely misses you.
You pummel the centaur warrior!!
You kill the centaur warrior!
Dithmenos accepts your kill.
Your Stealth skill gained 9 levels and is now at level 9!
Your Unarmed Combat skill increases to level 12!
You have reached level 8!
You feel stronger.
Your teeth grow very long and razor-sharp.
The centaur warrior hits you!
You die...

################
#..)..#..'..#__#
').#..').#..'..+
#####+#####'#__####
#### #...#.####§§#
#__####..##.#§§§§§#
#_____##'#_§§§§c§§+
#_.∩...'..._#§≈≈@§#
#_..__##_.#+##+####
#_____###+# #######


You could see a centaur warrior.

Vanquished Creatures
  A centaur warrior (D)
  A slime creature (D)
  Sigmund (D)
  A yak (D)
  An ogre (D)
  A jelly (D)
  Ijyb (D)
7 creatures vanquished.

Notes
Turn   | Place    | Note
-------+----------+-------------------------------------------
     0 | D        | Htamos the Vine Stalker Fighter began the quest for the Orb.
     0 | D        | Reached XP level 1. HP: 11/11 MP: 2/2
     2 | D        | Noticed Ijyb
    42 | D        | Killed Ijyb
    42 | D        | Reached skill level 4 in Unarmed Combat
    42 | D        | Reached XP level 2. HP: 12/16 MP: 3/3
    42 | D        | Reached XP level 3. HP: 14/19 MP: 4/4
   120 | D        | Noticed an ogre
   125 | D        | Killed an ogre
   125 | D        | Reached skill level 5 in Dodging
   125 | D        | Reached skill level 6 in Unarmed Combat
   125 | D        | Gained mutation: Your natural rate of healing is unusually fast. [Vine Stalker growth]
   125 | D        | Reached XP level 4. HP: 23/23 MP: 5/5
   170 | D        | Noticed Sigmund
   175 | D        | Killed Sigmund
   175 | D        | Reached skill level 9 in Unarmed Combat
   175 | D        | Reached XP level 5. HP: 27/27 MP: 6/6
   175 | D        | Reached XP level 6. HP: 32/32 MP: 7/7
   184 | D        | Found a burning altar of Makhleb.
   184 | D        | Found a shimmering altar of Xom.
   184 | D        | Noticed a slime creature
   185 | D        | Found a viscous altar of Jiyva.
   185 | D        | Found a corrupted altar of Lugonu.
   191 | D        | Killed a slime creature
   191 | D        | Reached skill level 10 in Unarmed Combat
   191 | D        | Reached XP level 7. HP: 35/35 MP: 8/8
   192 | D        | Found an ornate altar of the Wu Jian Council.
   192 | D        | Found a deep blue altar of Sif Muna.
   194 | D        | Found a radiant altar of Vehumet.
   201 | D        | Found Yrchoix's Antique Armour Emporium.
   201 | D        | Found an ancient bone altar of Kikubaaqudgha.
   201 | D        | Found a hazy altar of Hepliaklqana.
   201 | D        | Found a stormy altar of Qazlal.
   201 | D        | Found a hide-covered altar of Uskayaw.
   201 | D        | Found a blossoming altar of Fedhas.
   201 | D        | Found a bloodstained altar of Trog.
   201 | D        | Found an iron altar of Okawaru.
   201 | D        | Found a basalt altar of Yredelemnul.
   201 | D        | Found a glowing golden altar of the Shining One.
   201 | D        | Found a snail-covered altar of Cheibriados.
   201 | D        | Found a sacrificial altar of Ru.
   201 | D        | Found a glowing silver altar of Zin.
   201 | D        | Found a shadowy altar of Dithmenos.
   201 | D        | Found a white marble altar of Elyvilon.
   201 | D        | Noticed a yak
   207 | D        | Killed a yak
   207 | D        | Reached skill level 11 in Unarmed Combat
   208 | D        | Found an opulent altar of Gozag.
   263 | D        | Found a sparkling altar of Nemelex Xobeh.
   270 | D        | Became a worshipper of Dithmenos the Shadowed
   283 | D        | Noticed a centaur warrior
   285 | D        | Noticed a centaur warrior
   292 | D        | Killed a centaur warrior
   292 | D        | Reached skill level 12 in Unarmed Combat
   292 | D        | Gained mutation: You have razor-sharp teeth. [Vine Stalker growth]
   292 | D        | Reached XP level 8. HP: 4/39 MP: 0/9
   292 | D        | Slain by a centaur warrior

Skill      XL: |  1  2  3  4  5  6  7 |
---------------+----------------------+-----
Dodging        | 3 5 7 8 9 |  9.3
Unarmed Combat | 4 6 9 10 12 | 12.8
Stealth        | 9 |  9.0
Fighting       | |  2.6
Armour         | |  2.4
Shields        | |  2.6

Action                   |  1- 3 |  4- 6 |  7- 9 || total
-------------------------+-------+-------+-------++-------
Melee: Unarmed           |    44 |     9 |    10 ||    63
       Bite              |    17 |     3 |     4 ||    24
  Use: Potion            |     1 |     1 |     1 ||     3
Armor: Scale mail        |    12 |       |       ||    12
Dodge: Dodged            |     6 |     4 |     7 ||    17
Block: Shield            |    17 |     4 |     2 ||    23
